 Dungeon Crawl Stone Soup version 0.18.1-8-gdd0e5ea (webtiles) character file.

11761 sveltemanboy the Covert (level 11, -3/75 HPs)
             Began as a Demonspawn Abyssal Knight on May 24, 2016.
             Was the Champion of Lugonu.
             Succumbed to Sonja's poison
             ... on level 2 of the Lair of Beasts.
             The game lasted 00:39:57 (11100 turns).

sveltemanboy the Covert (DsAK)                     Turns: 11100, Time: 00:39:57

Health: -3/75      AC: 17    Str: 16    XL:     11   Next: 53%
Magic:  10/25      EV: 12    Int: 17    God:    Lugonu [******]
Gold:   627        SH:  0    Dex: 19    Spells: 1 memorised, 10 levels left

rFire  + . .     SeeInvis .     b - +1 short sword (venom)
rCold  + + .     Gourm    .     L - +2 leather armour of Defiance {rF+ MP+9 Str+2 Int+2}
rNeg   + . .     Faith    .     (no shield)
rPois  .         Spirit   +     d - +0 hat {Spirit}
rElec  .         Dismiss  .     v - +1 cloak
rCorr  .         Reflect  .     q - +3 pair of gloves of an ice cave {rC++ rN+}
SustAt .         Harm     .     (no boots)
MR     .....                    t - amulet of regeneration
Stlth  +++++++...               n - +4 ring of dexterity
                                F - +3 ring of protection

@: lethally poisoned (-3 -> -52), slowed, very slow, not resistant to hostile
enchantments, extremely stealthy
A: claws 1, yellow scales 2, mutation resistance 1, nightstalker 2, regeneration
1, strong 1
a: Depart the Abyss, Bend Space, Banish, Corrupt, Enter the Abyss, Brand Weapon
With Distortion, Renounce Religion


You were on level 2 of the Lair of Beasts.
You worshipped Lugonu.
Lugonu was exalted by your worship.
You were not hungry.

You visited 2 branches of the dungeon, and saw 12 of its levels.
You visited the Abyss 1 time.

You collected 627 gold pieces.

Inventory:

Hand Weapons
 a - a +1 dagger of electrocution
 b - a +1 short sword of venom (weapon)
Missiles
 J - 4 throwing nets (quivered)
Armour
 d - a +0 hat of spirit shield (worn)
 q - the +3 pair of gloves of an ice cave (worn) {rC++ rN+}
   (You acquired it on level 10 of the Dungeon)

   It greatly protects you from cold.
   It protects you from negative energy.
 v - a +1 cloak (worn)
 H - a +0 buckler
 L - the +2 leather armour of Defiance (worn) {rF+ MP+9 Str+2 Int+2}
   (You found it on level 10 of the Dungeon)

   It affects your strength (+2).
   It affects your intelligence (+2).
   It protects you from fire.
   It affects your magic capacity (+9).
Jewellery
 n - a +4 ring of dexterity (right hand)
 t - an amulet of regeneration (around neck)
 z - an uncursed ring of resist corrosion
 F - a +3 ring of protection (left hand)
Wands
 h - a wand of confusion (21/48)
 k - a wand of digging (8/24)
 p - a wand of lightning (6/15)
 s - a wand of flame (0/48)
 w - a wand of teleportation (6/9)
 y - a wand of enslavement (13/24)
 D - a wand of paralysis (8/24)
 I - a wand of flame (29/48)
 K - a wand of lightning (5/15)
 M - a wand of lightning (7/15)
Scrolls
 e - 5 scrolls of enchant armour
 j - 3 scrolls of magic mapping
 m - 2 scrolls of teleportation
 r - 2 scrolls of remove curse
 x - 2 scrolls of fog
 A - 6 scrolls of identify
Potions
 u - 3 potions of flight
 C - 2 potions of cure mutation
Comestibles
 c - 8 bread rations
 f - a beef jerky
 g - 3 meat rations
 i - 4 chunks of flesh
 l - 2 royal jellies
 B - a slice of pizza
 G - 39 fruits


   Skills:
 - Level 3.0 Fighting
 * Level 10.6 Short Blades
   Level 2.2 Polearms
 - Level 1.8 Armour
 - Level 1.3 Dodging
 * Level 11.6 Stealth
 + Level 3.9 Shields
 - Level 1.0 Spellcasting
 - Level 1.1 Charms
 - Level 2.6 Air Magic
 - Level 7.2 Invocations


You had 10 spell levels left.
You knew the following spells:

 Your Spells              Type           Power        Failure   Level  Hunger
a - Swiftness             Chrm/Air       #.......     21%         2    ###....


Dungeon Overview and Level Annotations

Branches:
Dungeon (10/15)            Temple (0/1) D:4            Lair (2/8) D:8
    Orc (0/2) D:10

Altars:
Ashenzari
Dithmenos
Elyvilon
Fedhas
Gozag
Nemelex Xobeh
Pakellas
Qazlal
Sif Muna
Trog
Vehumet
Zin

Portals:
Trove: D:10 (give +6 demon whip)

Annotations:
Lair:2 Sonja


Innate Abilities, Weirdness & Mutations

You have sharp fingernails.
You are mostly covered in yellow scales (AC +3).
You are significantly more attuned to the shadows.
You are somewhat resistant to further mutation.
Your natural rate of healing is unusually fast.
Your muscles are strong. (Str +2)


Message History

You feel extremely sick.
There is a stone staircase leading down here.
* * * LOW HITPOINT WARNING * * *
You feel extremely sick.
Sonja gestures wildly while chanting.
Sonja blinks!
* * * LOW HITPOINT WARNING * * *
You feel extremely sick. Sonja barely misses you. x2
Sonja hits you with an uncursed short sword of venom!
* * * LOW HITPOINT WARNING * * *
You are more poisoned.
Your leather armour of Defiance prevents you from hitting Sonja.
* * * LOW HITPOINT WARNING * * *
You feel very sick. Sonja barely misses you. Sonja hits you but does no damage.
You are more poisoned.
Sonja barely misses you.
You hit Sonja but do no damage.
Sonja is poisoned.
You die...

...........###P...........#......
..........## ##......####.###.###
#.##.##...# #.#.##.## ####...#
####..##### ###..### #....#
#....# .##. ##..## ####.# F.. ###
###.## ####.+## #+##.##P#
#.#+.### ##......#
........########.....# ##......#
....K@.>'((....P.....# .'........
.........#(#.........#
.#......P.#.......(#####.........
##......+.#........# ####......
#......# ........# ##+#.##
#...... ...+####. #. PP..# ##


You could see Sonja.

Vanquished Creatures
  Gastronok (D:9)
  2 hydras
  A hill giant (D:10)
  A spiny frog (Lair:2)
  3 komodo dragons (Lair:1)
  A two-headed ogre (D:8)
  Sigmund (D:3)
  Eustachio (D:5)
  5 hippogriffs
  A basilisk (Lair:2)
  A hungry ghost (D:7)
  4 water moccasins
  2 orc warriors
  A phantom (D:6)
  4 ice beasts
  2 necrophages
  6 ogres
  2 centaurs
  4 wolves (Lair:2)
  3 big kobolds
  3 crocodiles (Lair:2)
  11 giant frogs
  A water moccasin skeleton (D:9)
  5 scorpions
  4 killer bees (D:10)
  4 crimson imps
  A quasit (D:6)
  A giant frog zombie (D:6)
  5 orc priests
  Crazy Yiuf (D:3)
  5 hounds
  2 jellies
  A centaur skeleton (D:4)
  4 iguanas
  Ijyb (D:3)
  4 orc wizards
  7 worker ants
  A hound skeleton (D:9)
  3 gnolls (D:10)
  A worker ant zombie (D:9)
  11 adders
  24 river rats
  4 shadow imps
  4 worms
  2 dart slugs (D:2)
  5 giant geckos
  29 orcs
  4 bats
  9 giant cockroaches
  11 goblins
  8 hobgoblins
  4 jackals (D:3)
  32 kobolds
  3 quokkas
  3 ball pythons
  2 giant newts
  4 rats
270 creatures vanquished.

Vanquished Creatures (others)
  The ghost of Denapoli the Grappler, a novice TrFi of Okawaru (D:8)
1 creature vanquished.

Grand Total: 271 creatures vanquished

Notes
Turn   | Place    | Note
--------------------------------------------------------------
     0 | Abyss:1  | sveltemanboy the Demonspawn Abyssal Knight began the quest for the Orb.
     0 | Abyss:1  | Reached XP level 1. HP: 18/18 MP: 2/2
     9 | D:1      | Escaped the Abyss
    73 | D:1      | Reached skill level 1 in Dodging
   116 | D:1      | Gained mutation: You are slightly more attuned to the shadows. [demonic ancestry]
   116 | D:1      | Reached XP level 2. HP: 24/24 MP: 3/3
   694 | D:1      | Reached skill level 1 in Stealth
   968 | D:2      | Reached ** piety under Lugonu
   978 | D:2      | Reached XP level 3. HP: 23/29 MP: 4/4
  1147 | D:2      | Found an opulent altar of Gozag.
  1148 | D:2      | Found a stormy altar of Qazlal.
  1151 | D:2      | Found an oddly glowing altar of Pakellas.
  1151 | D:2      | Found a bloodstained altar of Trog.
  1204 | D:2      | Reached skill level 1 in Short Blades
  1601 | D:2      | Found a sparkling altar of Nemelex Xobeh.
  1833 | D:3      | Reached skill level 2 in Stealth
  1952 | D:3      | Reached XP level 4. HP: 35/35 MP: 5/5
  1975 | D:3      | Noticed Crazy Yiuf
  1984 | D:3      | Killed Crazy Yiuf
  2224 | D:3      | Noticed Sigmund
  2328 | D:3      | Noticed Ijyb
  2348 | D:3      | Killed Ijyb
  2696 | D:3      | Gained mutation: You are significantly more attuned to the shadows. [demonic ancestry]
  2696 | D:3      | Reached XP level 5. HP: 31/41 MP: 6/6
  2835 | D:3      | Reached *** piety under Lugonu
  2885 | D:3      | Reached skill level 3 in Stealth
  3404 | D:3      | Killed Sigmund
  3404 | D:3      | Gained mutation: You are partially covered in yellow scales (AC +2). [demonic ancestry]
  3404 | D:3      | Reached XP level 6. HP: 37/47 MP: 8/8
  3576 | D:4      | Reached skill level 4 in Stealth
  3877 | D:4      | Gained mutation: You have sharp fingernails. [demonic ancestry]
  3877 | D:4      | Reached XP level 7. HP: 35/52 MP: 10/10
  3980 | D:4      | Found a staircase to the Ecumenical Temple.
  4271 | D:5      | Entered Level 5 of the Dungeon
  4277 | D:5      | Noticed Eustachio
  4299 | D:5      | Killed Eustachio
  4299 | D:5      | Reached skill level 5 in Stealth
  4726 | D:5      | Reached **** piety under Lugonu
  4790 | D:5      | Reached skill level 5 in Invocations
  5041 | D:5      | Reached skill level 5 in Short Blades
  5047 | D:5      | Reached XP level 8. HP: 58/58 MP: 11/11
  5197 | D:5      | Reached skill level 6 in Stealth
  5267 | D:5      | Found a radiant altar of Vehumet.
  5631 | D:6      | Found a deep blue altar of Sif Muna.
  5644 | D:6      | Found a shattered altar of Ashenzari.
  5855 | D:6      | Found a shadowy altar of Dithmenos.
  6243 | D:7      | Reached skill level 7 in Stealth
  6303 | D:7      | Found a white marble altar of Elyvilon.
  6444 | D:7      | Reached ***** piety under Lugonu
  6486 | D:7      | Gained mutation: You are mostly covered in yellow scales (AC +3). [demonic ancestry]
  6486 | D:7      | Reached XP level 9. HP: 63/63 MP: 13/13
  6558 | D:7      | Identified 2 scrolls of acquirement
  6559 | D:7      | Got a transparent crystal plate armour
  6629 | D:7      | Found a blossoming altar of Fedhas.
  6960 | D:8      | Reached skill level 8 in Stealth
  7046 | D:8      | Noticed Denapoli's ghost (novice TrFi)
  7048 | D:8      | Found a radiant altar of Vehumet.
  7114 | D:8      | Identified the Guide on Frigorific Talismans
  7118 | D:8      | Learned a level 2 spell: Swiftness
  7325 | D:8      | Reached skill level 1 in Spellcasting
  7462 | D:8      | Banished Denapoli's ghost
  7462 | D:8      | Reached skill level 1 in Charms
  7489 | D:8      | Found a glowing silver altar of Zin.
  7547 | D:8      | Found a staircase to the Lair.
  7787 | D:9      | Reached skill level 9 in Stealth
  7996 | D:9      | Noticed Gastronok
  8050 | D:9      | Killed Gastronok
  8050 | D:9      | Reached XP level 10. HP: 27/70 MP: 15/15
  8306 | D:9      | Reached skill level 10 in Stealth
  8856 | D:10     | Entered Level 10 of the Dungeon
  8858 | D:10     | Noticed a hill giant
  8927 | D:10     | Got a heavily runed leather armour
  8938 | D:10     | Identified the +2 leather armour of Defiance {rF+ MP+9 Str+2 Int+2} (You found it on level 10 of the Dungeon)
  9109 | D:10     | Found a portal to a secret trove of treasure.
  9114 | D:10     | Got a pair of shimmering gloves
  9120 | D:10     | Identified the +3 pair of gloves of an ice cave {rC++ rN+} (You acquired it on level 10 of the Dungeon)
  9233 | D:10     | Killed a hill giant
  9233 | D:10     | Reached skill level 1 in Shields
  9671 | D:10     | Gained mutation: Your natural rate of healing is unusually fast. [potion of mutation]
  9671 | D:10     | Gained mutation: Your muscles are strong. (Str +2) [potion of mutation]
  9671 | D:10     | Gained mutation: You are somewhat resistant to further mutation. [potion of mutation]
  9705 | D:10     | Found a staircase to the Orcish Mines.
  9904 | Lair:1   | Entered Level 1 of the Lair of Beasts
  9928 | Lair:1   | Reached XP level 11. HP: 75/75 MP: 16/16
 10242 | Lair:1   | Noticed an eight-headed hydra
 10251 | Lair:1   | Killed an eight-headed hydra
 10251 | Lair:1   | Reached skill level 10 in Short Blades
 10251 | Lair:1   | Reached skill level 11 in Stealth
 10661 | Lair:1   | You fall through a shaft!
 10661 | Lair:2   | Noticed a seven-headed hydra
 10662 | Lair:2   | Killed a seven-headed hydra
 10687 | Lair:2   | Reached ****** piety under Lugonu
 11073 | Lair:2   | Noticed Sonja
 11099 | Lair:2   | HP: 1/75 [poisoned by Sonja]
 11100 | Lair:2   | Succumbed to Sonja's poison

Skill      XL: |  1  2  3  4  5  6  7  8  9 10 11 |
---------------+----------------------------------+-----
Polearms       | 2 |  2.2
Dodging        | 1 |  1.3
Stealth        | 1 2 3 4 5 7 9 10 11 | 11.6
Short Blades   | 1 2 3 4 5 6 8 9 10 | 10.6
Invocations    | 3 4 5 6 7 |  7.2
Spellcasting   | 1 |  1.0
Charms         | 1 |  1.1
Air Magic      | 2 |  2.6
Shields        | 2 3 |  3.9
Fighting       | |  3.0
Armour         | |  1.8

Action                   |  1- 3 |  4- 6 |  7- 9 | 10-12 || total
-------------------------+-------+-------+-------+-------++-------
Melee: Spear             |    13 |       |       |       ||    13
       Dagger            |    93 |   138 |   217 |   288 ||   736
       Short sword       |       |       |    79 |    43 ||   122
Throw: Throwing net      |       |       |     2 |     4 ||     6
Invok: Banish            |       |       |     2 |       ||     2
Evoke: Wand              |     3 |     5 |     1 |     4 ||    13
  Use: Potion            |       |     2 |    14 |     4 ||    20
       Scroll            |       |     4 |    12 |     4 ||    20
 Stab: Sleeping          |     7 |    10 |    33 |    46 ||    96
       Distracted        |       |       |     7 |     2 ||     9
       Held in net/web   |       |       |       |     2 ||     2
  Eat: Chunk             |     3 |     6 |    14 |    10 ||    33
Armor: Leather armour    |    10 |       |    65 |    83 ||   158
       Robe              |     5 |    25 |     5 |       ||    35
       Skin              |       |     3 |       |       ||     3
Dodge: Dodged            |    50 |    53 |    89 |   129 ||   321
